 Dungeon Crawl Stone Soup version 0.21.1-1-g345015f (webtiles) character file.

9157 Jawreze the Frost Mage (level 11, -1/78 HPs)
             Began as a Demonspawn Wizard on May 26, 2018.
             Was a Priest of Vehumet.
             Slain by a skeletal warrior
             ... wielding a +0 trident
              (23 damage)
             ... on level 12 of the Dungeon on May 27, 2018.
             The game lasted 01:13:54 (16980 turns).

Jawreze the Frost Mage (Demonspawn Wizard)         Turns: 16980, Time: 01:13:54

Health: -1/78      AC: 10    Str:  8    XL:     11   Next: 19%
Magic:  22/38      EV: 12    Int: 22    God:    Vehumet [***...]
Gold:   362        SH:  0    Dex: 12    Spells: 8/26 levels left

rFire    . . .     SeeInvis .   y - staff of power
rCold    . . .     Gourm    .   (no shield)
rNeg     . . .     Faith    .   G - +0 steam dragon scales
rPois    .         Spirit   .   V - +2 helmet
rElec    .         Reflect  .   (no cloak)
rCorr    .         Harm     .   (no gloves)
MR       .....                  o - +1 pair of boots
Stlth    +++.......             (no amulet)
HPRegen  0.23/turn              n - ring of stealth
MPRegen  0.26/turn              u - ring of wizardry

@: no status effects
A: claws 2, spiny 1
a: Renounce Religion


You were on level 12 of the Dungeon.
You worshipped Vehumet.
Vehumet was most pleased with you.
You were not hungry.

You visited 3 branches of the dungeon, and saw 14 of its levels.

You collected 625 gold pieces.
You spent 263 gold pieces at shops.

Inventory:

Hand Weapons
 q - a +3 dagger of electrocution
 U - the +4 long sword of the Bouncing Nights {venom, Dex+2}
   (You found it on level 9 of the Dungeon)

   It poisons the flesh of those it strikes.
   It affects your dexterity (+2).
Armour
 o - a +1 pair of boots (worn)
 G - +0 steam dragon scales (worn)
 V - a +2 helmet (worn)
Magical Staves
 y - an uncursed staff of power (weapon)
 D - an uncursed staff of death
Jewellery
 f - an uncursed ring of protection from magic
 n - a ring of stealth (left claw)
 t - an uncursed ring of ice
 u - a ring of wizardry (right claw)
 w - an uncursed ring of protection from cold
 S - an uncursed amulet of guardian spirit
 X - a +2 ring of dexterity {unknown}
Wands
 p - a wand of flame (53)
 s - a wand of scattershot (5)
 E - a wand of acid (15)
 R - a wand of iceblast (6)
 Y - a wand of disintegration (16)
Scrolls
 b - 2 scrolls of identify
 g - 3 scrolls of enchant weapon
 i - 5 scrolls of enchant armour
 l - a scroll of noise
 m - 2 scrolls of immolation
 r - 3 scrolls of teleportation
 v - 3 scrolls of blinking
 C - a scroll of vulnerability {unknown}
 H - 7 scrolls of remove curse
 O - a scroll of amnesia
 P - a scroll of fear {unknown}
Potions
 a - 2 potions of haste
 e - 3 potions of heal wounds
 h - a potion of magic
 j - 2 potions of invisibility
 k - a potion of mutation
 x - a potion of might {unknown}
 z - 4 potions of cancellation
 A - a potion of resistance {unknown}
 B - 3 potions of curing
 I - a potion of lignification {unknown}
 J - a potion of ambrosia {unknown}
 K - 3 potions of flight {unknown}
 L - 2 potions of berserk rage
 M - 3 potions of agility
 Q - 5 potions of brilliance
 W - 2 potions of degeneration {unknown}
Books
 c - a book of Minor Magic

   Spells                             Type                      Level
   a - Magic Dart                     Conjuration                  1
   b - Blink                          Translocation                2
   c - Call Imp                       Summoning                    2
   d - Slow                           Hexes                        2
   e - Conjure Flame                  Conjuration/Fire             3
   f - Mephitic Cloud                 Conjuration/Poison/Air       3
 F - the Collected Works on Aerial Enchantment
   (You found it on level 4 of the Dungeon)

   Spells                             Type                      Level
   a - Confusing Touch                Hexes                        1
   b - Corona                         Hexes                        1
   c - Summon Lightning Spire         Summoning/Air                4
   d - Freezing Cloud                 Conjuration/Ice/Air          6
   e - Discord                        Hexes                        8
 Z - a book of Misfortune

   Spells                             Type                      Level
   a - Confusing Touch                Hexes                        1
   b - Confuse                        Hexes                        3
   c - Gell's Gravitas                Translocation                3
   d - Petrify                        Transmutation/Earth          4
   e - Metabolic Englaciation         Hexes/Ice                    5
   f - Yara's Violent Unravelling     Hexes/Transmutation          5
Comestibles
 d - 10 rations
 N - a chunk of flesh


   Skills:
 - Level 4.3 Fighting
 + Level 4.9 Long Blades
 - Level 1.7 Dodging
 - Level 1.7 Stealth
 + Level 8.4 Spellcasting
 - Level 4.6 Conjurations
 - Level 5.0 Summonings
 - Level 0.8 Translocations
 * Level 9.3 Ice Magic
 - Level 5.0 Air Magic


You had 8 spell levels left.
You knew the following spells:

 Your Spells              Type           Power        Failure   Level  Hunger
a - Magic Dart            Conj           ####         1%          1    None
b - Mephitic Cloud        Conj/Pois/Air  ###.....     1%          3    None
c - Blink                 Tloc           N/A          3%          2    None
d - Call Imp              Summ           ####....     1%          2    None
e - Freezing Cloud        Conj/Ice/Air   #####.....   10%         6    ######.
f - Summon Lightning Spi  Summ/Air       ####....     3%          4    ###....


Dungeon Overview and Level Annotations

Branches:
Dungeon (12/15)            Temple (1/1) D:6            Lair (1/6) D:11
    Orc (0/2) D:12

Altars:
Ashenzari
Dithmenos
Fedhas
Gozag
Kikubaaqudgha
Makhleb
Ru
Sif Muna
Trog
Uskayaw
Vehumet
Xom
Yredelemnul
Zin

Shops:
D:7 *   D:9 [

Portals:
Trove: D:11 (give +2 storm dragon scales)

Annotations:
D:3 Setanta's ghost, amateur GrFi
D:4 2 runed doors
D:5 Menkaure


Innate Abilities, Weirdness & Mutations

You have very sharp fingernails.
You are partially covered in sharp spines.


Message History

The skeletal warrior hits your lightning spire with a dire flail!!
Casting: Magic Dart
Confirm with . or Enter, or press ? or * to list all spells.
Aiming: Magic Dart
Press: ? - help, Shift-Dir - straight line, f/p - skeletal warrior
Aim: a skeletal warrior, wielding a trident (almost destroyed)
The magic dart hits the skeletal warrior.
The skeletal warrior is almost destroyed.
The skeletal warrior hits you from afar with a trident!
* * * LOW HITPOINT WARNING * * *
The skeletal warrior hits your lightning spire with a dire flail!
Your lightning spire is destroyed!
A vampire mosquito comes into view.
A vampire mosquito comes into view.
The vampire mosquito bites you but does no damage.
The vampire mosquito barely misses you.
The vampire mosquito is struck by your spines.
The vampire mosquito completely misses you.
The skeletal warrior hits you from afar with a trident!!
You die...

....#.....####...##.##.###
##..........##......##...#
####.##............#...###
# #..................## #
##........###.<...## #
#.......###......######
##....### #...........#
#####.....# #........####
......#...## #.@......#
.....###...####.y......#
.....# #.....#..z.....##
.....###..#...........#
####..#..##.....z.....## #
#..#..##...#..y.##..#
##...###..##...####.# #
#.z..#...#...## ##### ##
##.##.....#...#####...#


You could see 2 skeletal warriors and 2 vampire mosquitoes.

Vanquished Creatures
  A two-headed ogre (D:11)
  A deep elf mage (D:12)
  2 kobold demonologists (D:12)
  3 hippogriffs
  A shadow (D:11)
  A yak (D:9)
  A wraith (D:12)
  2 hungry ghosts
  A steam dragon (D:11)
  A hell hound (D:11)
  A porcupine (Lair:1)
  A water moccasin (D:8)
  2 sky beasts
  An orc warrior (D:10)
  2 ice beasts
  3 phantoms
  5 centaurs
  2 big kobolds
  2 bullfrogs
  A wyvern zombie (D:11)
  2 scorpions
  3 killer bees (Lair:1)
  4 wights
  A howler monkey (D:6)
  8 crimson imps
  A jelly (D:6)
  6 hounds
  3 centaur skeletons
  3 orc priests
  4 orc wizards
  Ijyb (D:3)
  2 iguanas
  6 worker ants
  A worker ant zombie (D:9)
  3 gnolls (D:3)
  9 adders
  A shadow imp (D:6)
  3 oozes
  2 adder skeletons
  6 worms
  3 dart slugs
  2 leopard geckos
  30 orcs
  5 giant cockroaches
  6 goblins
  5 hobgoblins
  11 jackals
  3 quokkas
  2 ball pythons
  8 bats
  4 frilled lizards
  A jackal skeleton (D:4)
  11 kobolds
  A quokka skeleton (D:6)
  6 rats
  A plant (D:3)
202 creatures vanquished.

Vanquished Creatures (collateral kills)
  A skeletal warrior (D:11)
  A cyclops (D:11)
  An ugly thing (D:11)
  Psyche (D:9)
  A centaur skeleton (D:10)
  2 trolls (D:10)
  A basilisk (D:10)
  9 yaks (D:9)
  A steam dragon (D:12)
  A hell hound (D:11)
  A black bear (D:11)
  An orc warrior (D:11)
  An ice beast (D:11)
  An ogre (D:12)
  4 centaurs
  A crocodile (D:10)
  3 big kobolds (D:12)
  3 bullfrogs
  A gnoll sergeant (D:9)
  A howler monkey (D:9)
  A killer bee (Lair:1)
  9 wights
  2 jellies
  5 hounds
  An orc wizard (D:11)
  A worker ant (D:7)
  2 adders
  An ooze (D:7)
  5 leopard geckos
  12 orcs
  3 jackals (D:8)
  3 kobolds
  2 frilled lizards (D:10)
83 creatures vanquished.

Vanquished Creatures (others)
  A bullfrog (D:12)
  A kobold (D:12)
  A plant (D:3)
3 creatures vanquished.

Grand Total: 288 creatures vanquished

Notes
Turn   | Place    | Note
-------+----------+-------------------------------------------
     0 | D:1      | Jawreze the Demonspawn Wizard began the quest for the Orb.
     0 | D:1      | Reached XP level 1. HP: 13/13 MP: 4/4
   339 | D:1      | Gained mutation: You are partially covered in sharp spines. [demonic ancestry]
   339 | D:1      | Reached XP level 2. HP: 20/20 MP: 1/6
   401 | D:1      | Reached skill level 1 in Fighting
  1218 | D:2      | Reached XP level 3. HP: 23/26 MP: 3/7
  2165 | D:1      | Reached XP level 4. HP: 6/33 MP: 0/9
  2778 | D:2      | Learned a level 3 spell: Mephitic Cloud
  2781 | D:2      | Learned a level 2 spell: Blink
  2784 | D:2      | Learned a level 2 spell: Call Imp
  2924 | D:2      | Reached XP level 5. HP: 32/39 MP: 1/10
  3235 | D:3      | Found a shimmering altar of Xom.
  3239 | D:3      | Found a shimmering altar of Xom.
  3240 | D:3      | Found a shimmering altar of Xom.
  3250 | D:3      | Found a shimmering altar of Xom.
  3251 | D:3      | Found a shimmering altar of Xom.
  3557 | D:3      | Noticed Ijyb
  3640 | D:3      | Noticed Setanta's ghost (amateur GrFi)
  3831 | D:3      | Killed Ijyb
  4405 | D:3      | Found a faded altar of an unknown god.
  4457 | D:3      | Found a sacrificial altar of Ru.
  4830 | D:4      | Reached XP level 6. HP: 40/47 MP: 8/12
  4942 | D:4      | Found a large runed door.
  4942 | D:4      | Found a large runed door.
  4984 | D:4      | Found a large runed door.
  4984 | D:4      | Found a large runed door.
  5753 | D:4      | Reached XP level 7. HP: 54/54 MP: 5/14
  5778 | D:4      | Reached skill level 5 in Spellcasting
  6235 | D:4      | Identified the Collected Works on Aerial Enchantment
  6244 | D:4      | Learned a level 6 spell: Freezing Cloud
  6268 | D:5      | Entered Level 5 of the Dungeon
  6315 | D:5      | Reached skill level 1 in Ice Magic
  6551 | D:5      | Found a glowing silver altar of Zin.
  6556 | D:5      | Reached skill level 1 in Air Magic
  6854 | D:5      | Noticed Menkaure
  7029 | D:5      | Noticed a hippogriff
  7043 | D:5      | Killed a hippogriff
  7043 | D:5      | Reached skill level 2 in Ice Magic
  7043 | D:5      | Gained mutation: You have sharp fingernails. [demonic ancestry]
  7043 | D:5      | Reached XP level 8. HP: 61/61 MP: 14/16
  7060 | D:5      | Reached skill level 3 in Ice Magic
  7457 | D:6      | Found a staircase to the Ecumenical Temple.
  7465 | Temple   | Entered the Ecumenical Temple
  7472 | Temple   | Became a worshipper of Vehumet
  8045 | D:6      | Found a shattered altar of Ashenzari.
  8500 | D:6      | Reached skill level 4 in Ice Magic
  8819 | D:6      | Found an ancient bone altar of Kikubaaqudgha.
  8848 | D:6      | Reached * piety under Vehumet
  8848 | D:6      | Offered knowledge of Shock by Vehumet.
  8854 | D:6      | Learned a level 4 spell: Summon Lightning Spire
  9366 | D:7      | Found a deep blue altar of Sif Muna.
  9487 | D:7      | Found a sacrificial altar of Ru.
  9829 | D:7      | Reached skill level 5 in Ice Magic
  9906 | D:7      | Found Zaraus's Assorted Antiques.
  9911 | D:7      | Bought a scroll labeled CEUFA EHUO for 26 gold pieces
  9911 | D:7      | Bought a black potion for 23 gold pieces
 10565 | D:8      | Reached XP level 9. HP: 62/66 MP: 18/18
 10772 | D:8      | Found a shadowy altar of Dithmenos.
 10931 | D:8      | Found a shattered altar of Ashenzari.
 11079 | D:8      | Found a blossoming altar of Fedhas.
 11247 | D:9      | Got a pitted long sword
 11248 | D:9      | Identified the +4 long sword of the Bouncing Nights {venom, Dex+2} (You found it on level 9 of the Dungeon)
 11490 | D:9      | Found Leor's Armour Emporium.
 11495 | D:9      | Bought a +2 helmet for 214 gold pieces
 11521 | D:9      | Found a hide-covered altar of Uskayaw.
 11522 | D:9      | Noticed Psyche
 11530 | D:9      | Killed Psyche
 11585 | D:9      | Found a burning altar of Makhleb.
 11597 | D:9      | Reached skill level 1 in Long Blades
 11597 | D:9      | Reached skill level 6 in Ice Magic
 11660 | D:9      | Reached ** piety under Vehumet
 11660 | D:9      | Offered knowledge of Sandblast by Vehumet.
 12438 | D:9      | Reached skill level 7 in Ice Magic
 12438 | D:9      | Reached XP level 10. HP: 61/73 MP: 20/20
 12754 | D:10     | Entered Level 10 of the Dungeon
 12754 | D:10     | Found an opulent altar of Gozag.
 13110 | D:10     | Reached skill level 5 in Air Magic
 14171 | D:11     | Noticed a brown ugly thing
 14178 | D:11     | Killed a brown ugly thing
 14228 | D:11     | Found a portal to a secret trove of treasure.
 14248 | D:11     | Noticed a cyclops
 14283 | D:11     | Noticed a two-headed ogre
 14291 | D:11     | Killed a two-headed ogre
 14291 | D:11     | Reached skill level 8 in Ice Magic
 14327 | D:11     | Killed a cyclops
 14327 | D:11     | Reached skill level 5 in Summonings
 14372 | D:11     | Offered knowledge of Dazzling Spray by Vehumet.
 14541 | D:11     | Found a staircase to the Lair.
 14550 | D:11     | Reached *** piety under Vehumet
 15481 | D:12     | Offered knowledge of Sticky Flame by Vehumet.
 15487 | D:12     | Noticed a sun demon
 15646 | D:12     | Gained mutation: You have very sharp fingernails. [demonic ancestry]
 15646 | D:12     | Reached XP level 11. HP: 78/78 MP: 23/23
 15649 | D:12     | Reached skill level 9 in Ice Magic
 15707 | D:12     | Found a staircase to the Orcish Mines.
 15721 | D:12     | Noticed a deep elf mage
 15731 | D:12     | Killed a deep elf mage
 16623 | D:12     | Noticed a skeletal warrior
 16626 | D:12     | Noticed a skeletal warrior
 16631 | D:12     | Noticed a skeletal warrior
 16682 | D:11     | Killed a skeletal warrior
 16821 | Lair:1   | Entered Level 1 of the Lair of Beasts
 16875 | Lair:1   | Noticed a seven-headed hydra
 16955 | D:12     | Noticed a skeletal warrior
 16980 | D:12     | Slain by a skeletal warrior

Skill      XL: |  1  2  3  4  5  6  7  8  9 10 11 |
---------------+----------------------------------+-----
Fighting       | 1 2 3 4 |  4.3
Conjurations   | 2 3 4 |  4.6
Spellcasting   | 4 5 6 7 8 |  8.4
Ice Magic      | 2 5 7 8 9 |  9.3
Air Magic      | 1 3 4 5 |  5.0
Summonings     | 3 5 |  5.0
Long Blades    | 2 4 |  4.9
Dodging        | |  1.7
Stealth        | |  1.7
Translocations | |  0.8

Action                   |  1- 3 |  4- 6 |  7- 9 | 10-12 || total
-------------------------+-------+-------+-------+-------++-------
Melee: Short sword       |    43 |     8 |       |       ||    51
       Dagger            |       |    58 |       |     3 ||    61
       Staff             |       |       |    17 |       ||    17
 Cast: Magic Dart        |    99 |   156 |   346 |   273 ||   874
       Mephitic Cloud    |       |     8 |    27 |     9 ||    44
       Blink             |       |     3 |     6 |     1 ||    10
       Call Imp          |       |       |    18 |       ||    18
       Summon Lightning  |       |       |    25 |    45 ||    70
       Freezing Cloud    |       |       |       |     1 ||     1
  Use: Scroll            |       |     2 |     1 |    26 ||    29
 Stab: Sleeping          |     1 |       |       |       ||     1
       Confused          |       |     1 |       |       ||     1
       Distracted        |       |       |     1 |       ||     1
  Eat: Chunk             |     4 |    10 |    11 |    11 ||    36
       Ration            |       |       |     4 |     2 ||     6
Armor: Robe              |     2 |    13 |    16 |     5 ||    36
       Steam dragon scal |       |       |       |    32 ||    32
Dodge: Dodged            |    25 |    42 |    46 |    48 ||   161
